 Dungeon Crawl Stone Soup version 0.31-a0-152-g6aa68a64a1 (webtiles) character file.

Game seed: 988285088722735634

378 comborobin the Skirmisher (level 6, -1/36 HPs)
             Began as a Deep Elf Delver on June 10, 2023.
             Succumbed to a water moccasin's poison
             ... on level 5 of the Dungeon.
             The game lasted 00:03:45 (3328 turns).

comborobin the Skirmisher (Deep Elf Delver)         Turns: 3328, Time: 00:03:46

Health: -1/36      AC:  6    Str: 13 (15) XL:     6   Next: 45%
Magic:  8/8        EV: 12    Int: 12 (15) God:
Gold:   238        SH:  0    Dex: 16 (18) Spells: 2/5 levels left

rFire   + . .        a - +6 quarterstaff of Earthquakes {freeze, *Noise rPois rCorr SInv}
rCold   + . .        (shield currently unavailable)
rNeg    . . .        i - +0 leather armour
rPois   +            (no helmet)
rElec   +            (no cloak)
rCorr   +            f - +2 pair of gloves
SInv    +            (no boots)
Will    .....        (no amulet)
Stlth   +++          q - +6 ring of strength
HPRegen 0.26/turn    h - ring of wizardry
MPRegen 0.11/turn

%: wizardry (x1)
@: lethally poisoned (-1 -> -7), resistant
A: no striking features
a: no special abilities


You were on level 5 of the Dungeon.
You visited 1 branch of the dungeon, and saw 5 of its levels.

You collected 238 gold pieces.

Inventory:

Hand Weapons
 a - the +6 quarterstaff of Earthquakes (weapon) {freeze, *Noise rPois rCorr SInv}
   (You found it on level 4 of the Dungeon)

   rPois:     It protects you from poison.
   SInv:      It lets you see invisible.
   *Noise:    It may make noises in combat.
   rCorr:     It protects you from acid and corrosion.
 b - a +1 sling
 t - a +0 short sword
Missiles
 d - 3 atropa-tipped darts
Armour
 f - a +2 pair of gloves (worn)
 i - a +0 leather armour (worn)
Jewellery
 h - a ring of wizardry (right hand)
 q - a +6 ring of strength (left hand)
Wands
 g - a wand of digging (3)
Scrolls
 c - a scroll of fog
 j - a scroll of immolation {unknown}
 k - a scroll of poison {unknown}
 m - a scroll of blinking {unknown}
 n - a scroll of vulnerability {unknown}
 o - 6 scrolls of teleportation {unknown}
 p - a scroll of noise {unknown}
 r - a scroll of identify {unknown}
 s - a scroll of amnesia {unknown}
 v - a scroll of magic mapping
Potions
 l - a potion of invisibility {unknown}


   Skills:
 - Level 2.4 Fighting
 - Level 3.0 Short Blades
 + Level 8.0 Ranged Weapons
 - Level 2.4 Dodging
 - Level 6.0 Stealth


You had 2 spell levels left.
You knew the following spells:

 Your Spells              Type           Power      Damage    Failure   Level
a - Teleport Other        Tloc           0%         N/A       43%         3

Your spell library contained the following spells:

 Spells                   Type           Power      Damage    Failure   Level
 Sublimation of Blood     Necr           0%         N/A       26%         2
 Wereblood                Tmut           0%         N/A       26%         2
 Gell's Gravitas          Tloc           0%         N/A       43%         3
 Manifold Assault         Tloc           0%         N/A       82%         4
 Summon Forest            Summ/Tloc      0%         N/A       98%         5
 Dispersal                Tloc           0%         N/A       100%        6
 Eringya's Noxious Bog    Tmut/Pois      0%         N/A       100%        6
 Summon Hydra             Summ           0%         N/A       100%        7
 Disjunction              Tloc           0%         N/A       100%        8


Dungeon Overview and Level Annotations

Branches:
Dungeon (6/15)
 Temple: D:4-7

Altars:
Kikubaaqudgha
Nemelex Xobeh
Yredelemnul

Shops:
D:2 :

Annotations:
D:4 2 transporters


Message History

A water moccasin is nearby!
A water moccasin is nearby!
The water moccasin hisses angrily.
You hit the water moccasin. You freeze the water moccasin.
The water moccasin is moderately wounded.
The water moccasin bites you.
You sock the water moccasin! You freeze the water moccasin.
The water moccasin is severely wounded.
The water moccasin misses you. The water moccasin bites you.
You completely miss the water moccasin.
The water moccasin is severely wounded.
The water moccasin bites you. x2
You miss the water moccasin.
The water moccasin is severely wounded.
The water moccasin closely misses you. x2
You barely miss the water moccasin.
The water moccasin is severely wounded.
The water moccasin bites you. x2
You are lethally poisoned!
The water moccasin poisons you!
You closely miss the water moccasin.
Your quarterstaff of Earthquakes asks, "Have you heard of the Orb of Zot?"
The water moccasin is severely wounded.
* * * LOW HITPOINT WARNING * * *
You feel very sick. The water moccasin closely misses you.
The water moccasin bites you.
* * * LOW HITPOINT WARNING * * *
Okay, then.
As you read the scroll of fear, it crumbles to dust.
You assume a fearsome visage.
The water moccasin looks frightened!
* * * LOW HITPOINT WARNING * * *
You feel sick.
It was a potion of resistance.
You feel protected.
* * * LOW HITPOINT WARNING * * *
You feel sick.
It was a potion of degeneration.
There was something very wrong with that liquid.
You feel weakened.
You feel dopey.
You feel clumsy.
You die...

#....._..# *,,,,,,,,,,,,*
.....P.P.# **..........,*
..†......# *,.........,*
###...#### **.........**
#...# *.........* ##...#
*#S......#* ##....#
##.......# ......#
##.......#* ......#
##..@.....# #.....#
####.........#***
###...####...#######....,*
##........#### **##.,*
#..######## **** .### ## #


You could see a water moccasin (fleeing).

Vanquished Creatures
  A jelly (D:4)
  2 hounds
  An orc priest (D:3)
  2 orc wizards
  9 adders
  4 gnolls (D:4)
  A white imp (D:5)
  A worm (D:3)
  A dart slug (D:4)
  14 orcs
  A bat (D:2)
  3 endoplasms
  3 giant cockroaches
  5 goblins
  5 hobgoblins (D:4)
  6 jackals
  A quokka (D:3)
  4 ball pythons
  2 frilled lizards (D:3)
  6 kobolds
  2 rats
74 creatures vanquished.

Notes
Turn   | Place    | Note
-------+----------+-------------------------------------------
     0 | D:5      | comborobin the Deep Elf Delver began the quest for the Orb.
     0 | D:5      | Reached XP level 1. HP: 13/13 MP: 3/3
    34 | D:4      | Noticed a jelly
    53 | D:3      | Reached XP level 2. HP: 17/18 MP: 4/4
   367 | D:2      | Reached skill level 1 in Ranged Weapons
   466 | D:2      | Reached skill level 2 in Ranged Weapons
   466 | D:2      | Reached XP level 3. HP: 20/22 MP: 5/5
   718 | D:2      | Found Raggeotu's Vocational Training.
   815 | D:2      | Reached skill level 3 in Ranged Weapons
   925 | D:2      | Reached skill level 4 in Ranged Weapons
   925 | D:2      | Reached XP level 4. HP: 27/27 MP: 6/6
  1462 | D:3      | Learned a level 3 spell: Teleport Other
  1483 | D:3      | Reached skill level 5 in Ranged Weapons
  1624 | D:3      | Reached XP level 5. HP: 31/31 MP: 7/7
  1999 | D:3      | Reached skill level 6 in Ranged Weapons
  2187 | D:4      | Found a sparkling altar of Nemelex Xobeh.
  2197 | D:4      | Identified the +6 quarterstaff of Earthquakes {freeze,
                  | *Noise rPois rCorr SInv}
  2260 | D:4      | Found a transporter.
  2276 | D:4      | Reached skill level 7 in Ranged Weapons
  2279 | D:4      | Reached XP level 6. HP: 36/36 MP: 8/8
  2489 | D:4      | Found a transporter.
  2899 | D:5      | Found an ancient bone altar of Kikubaaqudgha.
  3198 | D:5      | Found a basalt altar of Yredelemnul.
  3209 | D:5      | Reached skill level 8 in Ranged Weapons
  3316 | D:5      | Noticed a water moccasin
  3327 | D:5      | HP: 1/36 [poisoned by a water moccasin]
  3328 | D:5      | Succumbed to a water moccasin's poison

Illustrated notes

Levels and vault maps discovered:
D:2:      layout_basic, nicolae_eternal_life, kennysheep_nondescript,
          nicolae_shop_vocational
D:3:      layout_rooms
D:4:      layout_loops_ring, mainiacjoe_overflow_boulevard,
          gammafunk_ghost_stat_death
D:5:      layout_layer_cave, mainiacjoe_overflow_tiny_flanked,
          yredelemnul_altar_generic, minmay_misc_feat_square,
          doesnt_shop_hydraphobe
D:6:      layout_basic, nicolae_overflow_crystal_walls, lemuel_crystal_altar,
          minmay_temple_entry_overgrown, serial_shops, shop, shop, shop, shop,
          uniq_duvessa

Skill      XL: |  1  2  3  4  5  6 |
---------------+-------------------+-----
Short Blades   | 3 |  3.0
Ranged Weapons | 2 4 5 7 8 |  8.0
Fighting       | |  2.4
Dodging        | |  2.4
Stealth        | |  6.0

Action                     |  1- 3 |  4- 6 || total
---------------------------+-------+-------++-------
  Melee: Short sword       |    52 |       ||    52
         Unarmed           |       |     8 ||     8
         Quarterstaff      |       |    65 ||    65
   Fire: Sling             |    48 |   142 ||   190
    Use: Scroll            |     1 |     2 ||     3
         Potion            |     1 |     4 ||     5
   Stab: Sleeping          |     2 |     3 ||     5
         Distracted        |       |     1 ||     1
 Armour: Leather armour    |    23 |    47 ||    70
         Skin              |       |    11 ||    11
  Dodge: Dodged            |    55 |    80 ||   135

Table legend: (Time is in decaauts)
 A = Elapsed time spent in this place.
 B = Non-inter-level travel time spent in this place.
 C = Inter-level travel time spent in this place.
 D = Time resting spent in this place.
 E = Time spent auto-exploring this place.
 F = Levels seen in this place.
 G = Mean time per level.
                   A        B        C        D        E       F      G
               +--------+--------+--------+--------+--------+-----+--------+
         Total |   3362 |   3264 |     98 |    540 |   2009 |   5 |  672.4 |
       Dungeon |   3362 |   3264 |     98 |    540 |   2009 |   5 |  672.4 |
               +--------+--------+--------+--------+--------+-----+--------+

Top non-repeatable levels by time:
     D:2: 1166 daAuts
     D:4: 864 daAuts
     D:3: 840 daAuts
     D:5: 489 daAuts
     D:6: 1 daAuts
